Map: Dusk Towers

Players

lesha

  • Race: Terran Terran
  • League: Silver

UmitT - Winner!

  • Race: Protoss Protoss
  • League: Bronze

VOD

Have the link to the VOD?

Description

Time

  • Played on: Jan. 2, 2016, 10:44 a.m.
  • Length: 14:40
Show
View Real Time Build Order
Export as new Build Order

lesha Terran 

Build Orders: Reaper Expand, MMM Bio 

Get SALT Encoding   

  12  0:01  SCV  
  13  0:15  SCV  
  13  0:18  Supply Depot  
  14  0:27  SCV  
  15  0:39  SCV  
  15  0:42  Barracks  
  16  0:47  Refinery  
  16  0:51  SCV  
  17  1:04  SCV  
  18  1:16  SCV  
  19  1:31  Reaper  
  19  1:32  Orbital Command  
  20  1:49  Command Center  
  20  2:00  SCV  
  21  2:02  Supply Depot  
  21  2:14  Bunker  
  21  2:15  Barracks Reactor  
  21  2:27  SCV, Barracks  
  22  2:39  SCV, Refinery  
  23  2:45  Factory  
  22  3:00  SCV  
  23  3:05  Marine x2  
  23  3:10  SCV  
  23  3:12  SCV  
  26  3:15  Barracks Tech Lab  
  26  3:23  SCV, Barracks  
  27  3:31  SCV  
  27  3:33  Factory Tech Lab, Supply Depot  
  28  3:35  Supply Depot  
  28  3:44  Engineering Bay  
  28  3:46  Marine x2  
  28  3:48  Marauder  
  32  3:52  SCV  
  32  3:53  SCV  
  34  3:58  Stimpack  
  34  4:04  Siege Tank  
  34  4:07  SCV  
  38  4:10  Marine  
  38  4:17  Marine  
  39  4:19  Marauder  
  39  4:20  Barracks Reactor  
  42  4:28  Marine  
  42  4:30  SCV x2  
  45  4:34  Marine  
  46  4:38  Siege Tank  
  50  4:46  Marine  
  50  4:52  Marine, Marauder  
  53  5:03  SCV x2  
  53  5:04  Missile Turret x2, Marine x2  
  53  5:05  Marine  
  58  5:10  Marine  
  59  5:15  SCV x2  
  59  5:17  Starport, Marine  
  62  5:29  Marine x2  
  62  5:31  Supply Depot x2, Marine x2  
  62  5:34  Supply Depot  
  66  5:41  SCV  
  66  5:42  SCV, Barracks  
  68  5:53  Marine x2  
  68  5:54  Marine x3  
  73  5:57  Starport Reactor  
  73  6:05  Terran Infantry Weapons Level 1  
  73  6:10  SCV x2  
  73  6:11  Engineering Bay, Marine  
  75  6:14  Marauder  
  75  6:16  Marine  
  75  6:17  Marine  
  80  6:26  Orbital Command  
  80  6:33  Medivac x2  
  80  6:38  Barracks Reactor  
  80  6:39  Marine  
  84  6:40  Marine x3  
  84  6:43  Marauder  
  84  6:44  Widow Mine  
  92  6:51  Refinery  
  92  6:52  Refinery  
  92  6:55  SCV x2  
  94  7:06  Supply Depot  
  94  7:09  Supply Depot  
  94  7:10  Supply Depot  
  94  7:28  Medivac x2, Marine x4  
  102  7:30  Marine x3  
  105  7:37  Command Center  
  105  7:45  Barracks, Marine x3  
  105  7:46  Marauder  
  110  8:07  Marauder  
  110  8:09  Marine x4  
  110  8:12  Medivac  
  118  8:30  Combat Shields  
  118  8:38  Armory  
  118  8:40  Command Center  
  118  8:48  Supply Depot  
  118  8:49  Marauder, Supply Depot, Medivac, Marine x6  
  118  8:54  Supply Depot  
  128  8:56  SCV x2  
  130  9:08  SCV  
  131  9:11  Marauder  
  131  9:13  Marine x6  
  131  9:16  Barracks Tech Lab  
  139  9:22  Orbital Command  
  139  9:29  SCV  
  139  9:30  SCV  
  139  9:31  Marine x4  
  145  9:44  Supply Depot  
  145  9:46  Supply Depot  
  145  9:47  Marine x2  
  145  9:48  Supply Depot, Marauder  
  145  9:50  Supply Depot, Marauder  
  151  10:06  Missile Turret  
  151  10:09  SCV x3, Missile Turret  
  151  10:10  SCV, Missile Turret  
  151  10:14  Terran Infantry Weapons Level 2  
  155  10:18  Terran Infantry Armor Level 1  
  155  10:19  Concussive Shells  
  155  10:21  SCV x2  
  157  10:33  SCV x3  
  157  10:34  SCV  
  161  10:35  Marine x2  
  161  10:36  Marine x5  
  161  10:39  Missile Turret  
  161  10:42  Missile Turret  
  132  10:45  SCV x3  
  132  10:46  SCV  
  112  10:56  Marine x4  
  110  10:57  Marauder x2  
  95  11:15  Marine x3  
  95  11:16  Marine  
  95  11:17  Marine x2  
  95  11:18  Marauder  
  95  11:19  Marauder  
  86  11:28  Siege Tank  
  86  11:31  Viking  
  86  11:32  Viking  
  92  11:33  Marine x3  
  97  11:40  Marauder x2  
  99  11:49  Marine  
  99  11:50  Marine  
  99  11:51  Barracks  
  99  11:52  Barracks  
  101  12:00  Siege Tank  
  108  12:01  Marauder x2  
  108  12:06  Viking  
  114  12:22  Marauder  
  114  12:23  Marauder  
  114  12:24  Viking  
  114  12:27  Marine x4  
  114  12:29  Marine  
  121  12:36  Viking  
  127  12:44  Marauder x2  
  127  12:55  Barracks Tech Lab  
  127  13:01  Barracks Tech Lab  
  127  13:03  Marine x3  
  127  13:04  Marine x3  
  127  13:05  Marauder x2  
  118  13:21  Marine  
  118  13:23  Command Center  
  118  13:27  Marauder x2  
  123  13:29  Marauder x2  
  123  13:32  Viking x2  
  131  13:46  Marine x4  
  131  13:47  Marine x2  
  131  13:48  Marauder x2  
  141  13:51  Marauder x2  
  143  14:04  Marine x5  
  147  14:16  Marine  
Show
View Real Time Build Order
Export as new Build Order

UmitT Protoss - Winner!

Build Orders: Colossus Rush 

Get SALT Encoding   

  12  0:01  Probe (Chrono Boost)  
  13  0:15  Pylon  
  13  0:18  Probe (Chrono Boost)  
  14  0:28  Probe (Chrono Boost)  
  15  0:38  Gateway  
  15  0:40  Probe (Chrono Boost)  
  16  0:51  Probe (Chrono Boost)  
  16  0:54  Assimilator  
  17  1:05  Probe (Chrono Boost)  
  17  1:09  Assimilator  
  18  1:13  Pylon  
  18  1:18  Probe (Chrono Boost)  
  19  1:28  Probe (Chrono Boost)  
  20  1:33  Cybernetics Core  
  20  1:39  Probe (Chrono Boost)  
  21  1:50  Probe (Chrono Boost)  
  22  1:55  Gateway  
  22  2:00  Probe (Chrono Boost)  
  23  2:10  Adept  
  23  2:11  Mothership Core (Chrono Boost)  
  27  2:26  Robotics Facility  
  27  2:29  Probe (Chrono Boost)  
  28  2:32  Pylon  
  28  2:44  Probe (Chrono Boost)  
  29  3:12  Warp Gate (Chrono Boost)  
  29  3:13  Nexus  
  29  3:14  Observer  
  30  3:21  Pylon  
  30  3:34  Forge  
  30  3:38  Gateway  
  30  3:39  Observer  
  31  3:49  Robotics Bay  
  31  3:51  Probe (Chrono Boost)  
  32  4:05  Pylon  
  32  4:06  Protoss Ground Armor Level 1  
  32  4:13  Probe  
  33  4:25  Probe  
  34  4:36  Colossus (Chrono Boost)  
  34  4:37  Probe  
  41  4:42  Probe  
  42  4:51  Assimilator  
  42  4:54  Probe  
  42  4:55  Probe, Assimilator  
  42  4:57  Photon Cannon  
  42  4:58  Extended Thermal Lance (Chrono Boost)  
  44  5:11  Probe x2  
  46  5:23  Probe  
  47  5:38  Colossus (Chrono Boost)  
  53  5:45  Stalker  
  53  5:46  Stalker x2  
  59  5:51  Probe x2  
  61  6:03  Probe x2  
  63  6:09  Protoss Ground Weapons Level 1  
  63  6:12  Adept x3  
  69  6:19  Pylon  
  69  6:28  Probe  
  69  6:29  Photon Cannon  
  70  6:37  Probe  
  70  6:39  Photon Cannon  
  71  6:43  Disruptor (Chrono Boost)  
  74  6:52  Gateway  
  75  6:54  Probe x2  
  75  6:57  Observer Gravitic Boosters, Gateway  
  76  7:06  Probe  
  76  7:07  Pylon  
  77  7:35  Stalker x3  
  83  8:14  Probe x2  
  85  8:26  Probe  
  86  8:29  Nexus  
  86  8:34  Pylon  
  86  8:39  Pylon  
  86  8:45  Pylon  
  86  8:47  Pylon  
  86  8:52  Twilight Council, Colossus (Chrono Boost), Probe x2  
  94  8:56  Pylon  
  94  8:58  Pylon  
  94  9:04  Probe x2  
  94  9:05  Stargate  
  96  9:12  Protoss Ground Weapons Level 2  
  96  9:13  Stargate  
  96  9:16  Probe x2, Photon Cannon  
  98  9:24  Stalker x5  
  102  9:28  Probe, Charge  
  109  9:32  Probe  
  110  9:40  Probe  
  110  9:44  Probe  
  112  9:52  Colossus (Chrono Boost), Probe  
  119  9:55  Probe  
  119  9:57  Probe  
  119  9:59  Dark Shrine  
  121  10:09  Phoenix x2  
  125  10:20  Stalker x5  
  135  10:27  Assimilator  
  135  10:31  Assimilator  
  135  10:34  Phoenix x2  
  116  11:20  Probe  
  116  11:21  Probe  
  118  11:27  Protoss Ground Weapons Level 3  
  118  11:39  Probe, Pylon  
  120  11:40  Probe  
  120  11:41  Phoenix  
  120  11:42  Phoenix  
  120  11:44  Dark Templar x4  
  120  11:45  Dark Templar  
  134  11:52  Gateway  
  134  11:54  Gateway  
  134  11:55  Gateway  
  134  11:57  Gateway  
  134  12:03  Photon Cannon  
  134  12:05  Photon Cannon  
  134  12:10  Warp Prism (Chrono Boost)  
  134  12:14  Pylon  
  136  12:16  Pylon  
  136  12:18  Pylon  
  136  12:19  Pylon  
  136  12:20  Pylon  
  136  12:41  Disruptor (Chrono Boost)  
  139  12:46  Gravitic Drive  
  138  13:21  Observer (Chrono Boost)  
  139  13:28  Nexus, Phoenix x2  
  143  13:40  Observer (Chrono Boost)  
  144  13:44  Dark Templar  
  144  13:45  Dark Templar x6  
  144  13:46  Dark Templar x2  
  144  14:18  Zealot x5  
  144  14:19  Zealot x4  
Tags
 
Add a new tag
Caveats
  • Supply blocks, unpowered buildings, or Contaminate may cause inaccurate times.
  • Supply counts are checked every 10 seconds.